 Dungeon Crawl Stone Soup version 0.29.0-13-gc9e81de378 (webtiles) character file.

Game seed: 10551627778384353075

907 RascalDebosk the Cudgeller (level 7, -1/70 HPs)
             Began as a Troll Berserker on Sept 8, 2022.
             Was a Believer of Trog.
             Slain by an ogre
             ... wielding a +0 giant spiked club
              (24 damage)
             ... on level 5 of the Dungeon.
             The game lasted 00:30:11 (3680 turns).

RascalDebosk the Cudgeller (Troll Berserker)        Turns: 3680, Time: 00:30:12

Health: -1/70      AC:  6    Str: 26    XL:     7   Next: 81%
Magic:  6/6        EV: 10    Int:  5    God:    Trog [**....]
Gold:   47         SH:  0    Dex:  9    Spells: 6/6 levels left

rFire   . . .      SeeInvis .   x - +0 giant club (flame)
rCold   . . .      Faith    .   (shield currently unavailable)
rNeg    . . .      Spirit   .   w - +0 robe
rPois   .          Reflect  .   (helmet restricted)
rElec   .          Harm     .   h - +1 cloak
rCorr   .          Rampage  .   (gloves unavailable)
Will    ++...                   (boots unavailable)
Stlth   +.........              (no amulet)
HPRegen 2.01/turn               (no ring)
MPRegen 0.10/turn               (no ring)

@: strong-willed, regenerating, studying Dodging
A: large, unfitting armour, claws 3, regeneration 1, shaggy fur 1, tough skin 1
a: Renounce Religion, Berserk, Trog's Hand


You were on level 5 of the Dungeon.
You worshipped Trog.
Trog was pleased with you.
You visited 1 branch of the dungeon, and saw 5 of its levels.

You collected 217 gold pieces.
You spent 170 gold pieces at shops.

Inventory:

Hand Weapons
 x - a +0 giant club of flaming (weapon)
Missiles
 b - 5 large rocks (quivered)
 p - 5 poisoned darts
 r - 2 throwing nets
 s - 2 boomerangs
Armour
 h - a +1 cloak (worn)
 k - a +0 robe
 w - a +0 robe (worn)
Wands
 q - a wand of digging (2)
 v - a wand of polymorph (9)
Scrolls
 a - a scroll of blinking {unknown}
 l - 3 scrolls of teleportation
 m - a scroll of magic mapping
 n - a scroll of poison
Potions
 c - a potion of heal wounds {unknown}
 g - 2 potions of mutation
 i - 2 potions of flight
 o - 3 potions of curing
 u - a potion of attraction {unknown}


   Skills:
 + Level 4.1 Fighting
 + Level 4.5 Maces & Flails
 + Level 3.3 Throwing
 + Level 3.0 Armour
 + Level 4.1 Dodging


You had 6 spell levels left.
You didn't know any spells.
Your spell library was empty.

Dungeon Overview and Level Annotations

Branches:
Dungeon (5/15)
 Temple: D:4-7

Altars:
Gozag
Sif Muna

Shops:
D:2 ?


Innate Abilities, Weirdness & Mutations

You are too large for most types of armour.
You have claws for hands.
Your natural rate of healing is unusually fast.
You are covered in fur. (AC +1)
You have tough skin. (AC +1)


Message History

You feel yourself speed up.
You start resting.
You recover from your berserk rage.
You open the door.
There is an open door here.
A jelly comes into view.
The jelly quivers.
There is an open door here.
The jelly hits you but does no damage.
You bludgeon the jelly!! You burn the jelly!
Your claws burn!
The jelly is almost dead.
The jelly hits you but does no damage.
You bludgeon the jelly!! You burn the jelly.
You kill the jelly!
Trog accepts your kill. As you open the door, it creaks loudly!
Found an escape hatch in the ceiling.
There is an open door here.
You now have enough gold to buy a scroll of vulnerability on D:2.
You can access your shopping list by pressing '$'.
You now have 47 gold pieces (gained 14).
c - a coppery potion You open the door.
There is an open door here.
As you open the door, it creaks loudly!
There is an open door here.
As you open the door, it creaks loudly!
There is an open door here.
Found a stone staircase leading up.
Something unseen opens the door.
Found a scroll of identify.
An ogre comes into view. It is wielding a +0 giant spiked club.
The ogre shouts!
The ogre hits you with a +0 giant spiked club!!
The ogre attacks as you move away!
The ogre hits you with a +0 giant spiked club!!
* * * LOW HITPOINT WARNING * * *
Your skin crawls.
You feel strong-willed.
The ogre hits you with a +0 giant spiked club!!
You die...

#............. .#....
#............. .'....
#............. #....
#....####..... #..<.
######..#.....
#..).#####......#.....
#........#..##..#.....
#.?......#'###..#####'
#....@O......#....#...
#............#....'...
#....#'##....#....####
#....#..#....######
#....'..#....#
#....#..#....#
#....####....# #....
###...


You could see an ogre.

Vanquished Creatures
  Sigmund (D:4)
  An ogre (D:4)
  A phantom (D:4)
  2 necrophages (D:4)
  A scorpion (D:4)
  A jelly (D:5)
  A vampire bat (D:3)
  A howler monkey (D:4)
  A hound (D:4)
  An orc priest (D:4)
  An iguana (D:5)
  An orc wizard (D:4)
  2 adders
  4 gnolls (D:3)
  A worm (D:4)
  5 dart slugs
  10 orcs
  7 endoplasms
  2 giant cockroaches (D:1)
  4 goblins
  4 hobgoblins
  9 jackals
  3 quokkas (D:1)
  5 ball pythons
  15 bats
  3 frilled lizards
  6 kobolds
  6 rats
99 creatures vanquished.

Notes
Turn   | Place    | Note
-------+----------+-------------------------------------------
     0 | D:1      | RascalDebosk the Troll Berserker began the quest for the
                  | Orb.
     0 | D:1      | Reached XP level 1. HP: 22/22 MP: 0/0
   102 | D:1      | Reached XP level 2. HP: 29/29 MP: 1/1
   708 | D:2      | Reached XP level 3. HP: 36/36 MP: 2/2
   736 | D:2      | Found a faded altar of an unknown god.
   862 | D:2      | Reached skill level 1 in Throwing
   872 | D:2      | Reached ** piety under Trog
   892 | D:2      | Found Wottash's Magic Scroll Shop.
   901 | D:2      | Bought a scroll of identify for 22 gold pieces
   901 | D:2      | Bought a scroll of teleportation for 33 gold pieces
   901 | D:2      | Bought a scroll of noise for 11 gold pieces
  1253 | D:3      | Reached skill level 1 in Armour
  1366 | D:3      | Reached XP level 4. HP: 44/44 MP: 3/3
  1604 | D:3      | Reached XP level 5. HP: 42/53 MP: 4/4
  2075 | D:4      | Noticed Sigmund
  2077 | D:4      | Killed Sigmund
  2078 | D:4      | Reached XP level 6. HP: 61/61 MP: 5/5
  2409 | D:4      | Reached XP level 7. HP: 68/68 MP: 6/6
  2652 | D:4      | Found a shimmering blue altar of Sif Muna.
  2653 | D:4      | Found an opulent altar of Gozag.
  2870 | D:4      | Reached *** piety under Trog
  3209 | D:4      | Identified a scroll of acquirement
  3209 | D:4      | Acquired a manual of Dodging
  3348 | D:5      | Entered Level 5 of the Dungeon
  3423 | D:2      | Bought a scroll of brand weapon for 104 gold pieces
  3680 | D:5      | Slain by an ogre

Illustrated notes

Levels and vault maps discovered:
D:1:      shiori_arrival_elements, layout_basic
D:2:      layout_basic, ebering_ecumenical_altar_abandoned, serial_shops,
          nicolae_shop_temple_entry_statues_fountains
D:3:      layout_loops_cross, roderic_batcave
D:4:      layout_gridville, gammafunk_temple_overflow_statue, uniq_sigmund
D:5:      layout_gridville, worldfamousw_hep_ancestral_shrine

Skill      XL: |  1  2  3  4  5  6  7 |
---------------+----------------------+-----
Maces & Flails | 3 4 |  4.5
Throwing       | 1 2 3 |  3.3
Armour         | 1 2 3 |  3.0
Fighting       | 3 4 |  4.1
Dodging        | 3 4 |  4.1

Action                   |  1- 3 |  4- 6 |  7- 9 || total
-------------------------+-------+-------+-------++-------
Melee: Mace              |   116 |   131 |       ||   247
       Punch             |       |     3 |       ||     3
       Giant club        |       |       |    90 ||    90
Throw: Large rock        |       |     2 |       ||     2
Invok: Berserk           |     1 |     3 |     2 ||     6
       Trog's Hand       |       |       |     1 ||     1
  Use: Scroll            |       |       |    12 ||    12
 Stab: Sleeping          |     1 |     1 |       ||     2
Armor: Animal skin       |    31 |       |       ||    31
       Robe              |    93 |    69 |    38 ||   200
Dodge: Dodged            |   132 |    81 |    58 ||   271
